 Dungeon Crawl Stone Soup version 0.19.0 (webtiles) character file.

193 Firecrotchwizard the Skirmisher (level 5, -2/47 HPs)
             Began as a Minotaur Fighter on Nov 2, 2016.
             Was an Initiate of Okawaru.
             Slain by a hound (5 damage)
             ... on level 4 of the Dungeon.
             The game lasted 00:05:42 (2588 turns).

Firecrotchwizard the Skirmisher (Minotaur Fighter)  Turns: 2588, Time: 00:05:44

Health: -2/47      AC:  7    Str: 21    XL:     5   Next: 43%
Magic:  4/4        EV:  7    Int:  5    God:    Okawaru [......]
Gold:   187        SH:  9    Dex: 10    Spells: 0 memorised, 4 levels left

rFire  + . .     SeeInvis .     a - +0 flail
rCold  . . .     Gourm    .     b - +0 scale mail
rNeg   . . .     Faith    .     c - +0 shield
rPois  .         Spirit   .     (helmet restricted)
rElec  .         Reflect  .     (no cloak)
rCorr  .         Harm     .     (no gloves)
MR     +....                    (no boots)
Stlth  ..........               (no amulet)
                                x - ring of protection from magic
                                p - ring of protection from fire

@: no status effects
A: retaliatory headbutt, horns 2
a: Renounce Religion


You were on level 4 of the Dungeon.
You worshipped Okawaru.
Okawaru was noncommittal.
You were hungry.

You visited 1 branch of the dungeon, and saw 4 of its levels.

You collected 187 gold pieces.

Inventory:

Hand Weapons
 a - a +0 flail (weapon)
Armour
 b - a +0 scale mail (worn)
 c - a +0 shield (worn)
Jewellery
 p - a ring of protection from fire (left hand)
 x - a ring of protection from magic (right hand)
 B - an uncursed ring of positive energy {unknown}
Scrolls
 e - 3 scrolls of teleportation {unknown}
 i - 3 scrolls of amnesia {unknown}
 j - 3 scrolls of remove curse {unknown}
 m - 2 scrolls of noise {unknown}
 o - 2 scrolls of random uselessness {unknown}
 r - 2 scrolls of recharging {unknown}
 v - 4 scrolls of identify {unknown}
 w - a scroll of fear {unknown}
 y - a scroll of enchant weapon {unknown}
 A - a scroll of enchant armour {unknown}
Potions
 d - a potion of might
 g - a potion of heal wounds {unknown}
 h - a potion of haste {unknown}
 k - 3 potions of curing {unknown}
 l - a potion of lignification {unknown}
 q - a potion of degeneration {unknown}
 u - a potion of cure mutation {unknown}
Comestibles
 f - 3 bread rations
 n - a slice of pizza
 s - 3 meat rations
 t - 2 royal jellies
 z - a beef jerky


   Skills:
 * Level 4.8 Fighting
 * Level 4.3 Maces & Flails
 + Level 4.6 Armour
 - Level 0.2 Dodging
 + Level 4.7 Shields


You had 4 spell levels left.
You didn't know any spells.

Dungeon Overview and Level Annotations

Branches:
Dungeon (4/15)
 Temple: D:4-7

Altars:
Fedhas
Kikubaaqudgha
Okawaru
Sif Muna

Annotations:
D:4 Blork the orc


Innate Abilities, Weirdness & Mutations

You reflexively headbutt those who attack you in melee.
You have a pair of horns on your head.


Message History

Blork the orc hits you with a short sword.
The hound bites you.
Blork the orc hits you but does no damage.
You block the hound's attack.
You hit Blork the orc.
Blork the orc is severely wounded.
The hound bites you.
Blork the orc hits you but does no damage.
The hound bites you.
* * * LOW HITPOINT WARNING * * *
Blork the orc casts a spell at you. The magic dart hits you!
* * * LOW HITPOINT WARNING * * *
You closely miss Blork the orc.
Blork the orc is severely wounded.
The hound bites you but does no damage.
Blork the orc hits you with a short sword.
* * * LOW HITPOINT WARNING * * *
The hound bites you.
You die...

#..................
#..............####
#.####.........# .
#.# #.........# ..
#.# ######....#
...#+#'######
#....#
.............#
#.....
.............#
........@....#
........ho......
.........!...###
####.........+
#.........#
#.........#
#.........#
#.........#


You could see Blork the orc and a hound.

Vanquished Creatures
  Terence (D:2)
  A worker ant (D:4)
  7 adders
  A gnoll (D:1)
  4 worms
  A dart slug (D:4)
  2 leopard geckos
  2 orcs
  2 ball pythons
  A bat (D:2)
  4 giant cockroaches
  9 goblins
  6 hobgoblins
  3 jackals (D:2)
  3 frilled lizards
  5 kobolds
  7 rats
59 creatures vanquished.

Notes
Turn   | Place    | Note
-------+----------+-------------------------------------------
     0 | D:1      | Firecrotchwizard the Minotaur Fighter began the quest for the Orb.
     0 | D:1      | Reached XP level 1. HP: 19/19 MP: 0/0
   304 | D:1      | Reached XP level 2. HP: 15/27 MP: 1/1
   864 | D:2      | Reached XP level 3. HP: 32/33 MP: 2/2
   899 | D:2      | Noticed Terence
   913 | D:2      | Killed Terence
   913 | D:2      | Reached XP level 4. HP: 26/41 MP: 3/3
  1618 | D:3      | Reached XP level 5. HP: 47/47 MP: 4/4
  1626 | D:3      | Found an iron altar of Okawaru.
  1638 | D:3      | Became a worshipper of Warmaster Okawaru
  1795 | D:3      | Found a faded altar of an unknown god.
  1795 | D:3      | Found a faded altar of an unknown god.
  1803 | D:3      | Found a blossoming altar of Fedhas.
  1805 | D:3      | Found a faded altar of an unknown god.
  1807 | D:3      | Found a faded altar of an unknown god.
  1858 | D:3      | Found a glowing drain.
  2030 | D:3      | Found a deep blue altar of Sif Muna.
  2264 | D:4      | Found an ancient bone altar of Kikubaaqudgha.
  2577 | D:4      | Noticed Blork the orc
  2588 | D:4      | Slain by a hound

Skill      XL: |  1  2  3  4  5 |
---------------+----------------+-----
Shields        | 4 |  4.7
Fighting       | 4 |  4.8
Armour         | 4 |  4.6
Maces & Flails | 3 4 |  4.3
Dodging        | |  0.2

Action                   |  1- 3 |  4- 6 || total
-------------------------+-------+-------++-------
Melee: Flail             |    76 |   128 ||   204
       Headbutt          |     8 |    21 ||    29
  Eat: Chunk             |       |     5 ||     5
Armor: Scale mail        |    25 |    40 ||    65
Dodge: Dodged            |    16 |    28 ||    44
Block: Shield            |    46 |    70 ||   116
